 Dungeon Crawl Stone Soup version 0.31.0-4-g52a2dc7128 (webtiles) character file.

Game seed: 13068304143762021271

253866 juan097 the Bludgeoner (level 19, -5/146 (155) HPs)
             Began as a Human Fighter on Jan 21, 2024.
             Was a Follower of Uskayaw.
             Killed from afar by a tengu reaver (17 damage)
             ... with a bolt of poison
             ... led by Sojobo
             ... on level 2 of the Vaults on Jan 22, 2024.
             The game lasted 02:35:18 (40759 turns).

juan097 the Bludgeoner (Human Fighter)             Turns: 40759, Time: 02:35:21

HP:   -5/146 (155)  AC: 38    Str: 22    XL:     19   Next: 73%
MP:   22/29         EV: 11    Int:  6    God:    Uskayaw [*.....]
Gold: 1145          SH: 14    Dex: 11    Spells: 16/18 levels left

rFire   + + +        a - +5 morningstar of the Egg {elec, rElec}
rCold   + . .        h - +2 kite shield {AC+3}
rNeg    . . .        F - +18 Lear's hauberk
rPois   .            (helmet currently unavailable)
rElec   +            P - +2 cloak
rCorr   .            (gloves currently unavailable)
SInv    +            (boots currently unavailable)
Will    ++...        B - amulet of faith Stlth
                     I - ring "Melaulat" {rF+++ rC+ Int-3 Dex-4 SInv, =R}
HPRegen 0.44/turn    o - ring of willpower
MPRegen 0.21/turn

%: faith
@: lethally poisoned (-5 -> -31), marked, studying Armour, drained
A: explore regen, inability to drink after injury 1, persistent drain
}: 2/15 runes: decaying, serpentine
a: Renounce Religion, Stomp


You were on level 2 of the Vaults.
You worshipped Uskayaw.
Uskayaw was pleased with you.
You visited 6 branches of the dungeon, and saw 32 of its levels.
You visited the Abyss 1 time.
You also visited: Trove, Sewer and Volcano.

You collected 3176 gold pieces.
You spent 2031 gold pieces at shops.

Inventory:

Hand Weapons
 a - the +5 morningstar of the Egg (weapon) {elec, rElec}
   (You bought it in a shop on level 9 of the Dungeon)

   rElec:     It insulates you from electricity.
Missiles
 E - 2 boomerangs (quivered)
 S - 4 curare-tipped darts
 U - 5 throwing nets
Armour
 h - a +2 kite shield of protection (worn)
 F - the +18 Lear's hauberk (worn)
   (You found it on level 5 of the Dungeon)
 P - a +2 cloak (worn)
Jewellery
 b - the ring "Feelemeg" {rN+++ MP-9 Int-4 Dex+6 Stlth+}
   (You acquired it on level 1 of the Vaults)

   [ring of dexterity]

   Int-4:     It affects your intelligence (-4).
   Dex+6:     It affects your dexterity (+6).
   rN+++:     It renders you almost immune to negative energy.
   MP-9:      It affects your magic capacity (-9).
   Stlth+:    It makes you more stealthy.
 o - a ring of willpower (right hand)
 B - an amulet of faith (around neck)
 D - a +5 ring of evasion
 I - the ring "Melaulat" (left hand) {rF+++ rC+ Int-3 Dex-4 SInv, =R}
   (You found it in a treasure trove)

   [ring of protection from cold]

   Int-3:     It affects your intelligence (-3).
   Dex-4:     It affects your dexterity (-4).
   rF+++:     It renders you almost immune to fire.
   rC+:       It protects you from cold.
   SInv:      It lets you see invisible.
 M - the ring "Weyr" {Fly rPois Stlth+}
   (You found it in a treasure trove)

   [ring of poison resistance]

   rPois:     It protects you from poison Fly: It grants you flight.
   Stlth+:    It makes you more stealthy.
 O - a ring of resist corrosion
 T - the amulet "Wenoeser" {Acrobat rF++ Will+ Int-3 Dex+3}
   (You found it in a treasure trove)

   [amulet of the acrobat]

   Acrobat:   It increases your evasion while moving and waiting.
   Int-3:     It affects your intelligence (-3).
   Dex+3:     It affects your dexterity (+3).
   rF++:      It greatly protects you from fire.
   Will+:     It increases your willpower.
Wands
 l - a wand of digging (33)
 q - a wand of charming (24)
 t - a wand of quicksilver (17)
 x - a wand of flame (23)
 N - a wand of iceblast (44)
 V - a wand of mindburst (8)
Scrolls
 f - 6 scrolls of identify
 g - 2 scrolls of teleportation
 i - 2 scrolls of fear
 k - 7 scrolls of immolation
 n - 3 scrolls of fog
 p - a scroll of blinking
 r - 3 scrolls of poison
 v - 2 scrolls of enchant armour
 w - a scroll of brand weapon
 y - 7 scrolls of revelation
 z - 4 scrolls of enchant weapon
 G - 2 scrolls of torment
 H - 2 scrolls of silence
Potions
 d - 6 potions of might
 e - 8 potions of enlightenment
 j - 7 potions of attraction
 s - 10 potions of curing
 u - 7 potions of haste
 A - 6 potions of lignification
 J - a potion of ambrosia
 K - 2 potions of invisibility
 L - 7 potions of heal wounds
 Q - 5 potions of mutation
 W - 3 potions of berserk rage
Miscellaneous
 C - a lightning rod (4/4)
 X - a sack of spiders
 Y - a phial of floods
 Z - a phantom mirror


   Skills:
 - Level 15.0 Fighting
 - Level 16.0 Maces & Flails
 - Level 6.0 Ranged Weapons
 + Level 15.9 Armour
 - Level 10.0 Dodging
 - Level 4.0 Stealth
 - Level 14.0 Shields
 - Level 14.0 Invocations
 - Level 12.0 Evocations


You had 16 spell levels left.
You knew the following spells:

 Your Spells              Type           Power      Damage    Failure   Level
a - Blink                 Tloc           0%         N/A       99%         2

Your spell library contained the following spells:

 Spells                   Type           Power      Damage    Failure   Level
 Magic Dart               Conj           0%         1d3       96%         1
 Sandblast                Erth           0%         2d4       96%         1
 Slow                     Hex            0%         N/A       96%         1
 Summon Small Mammal      Summ           0%         N/A       96%         1
 Call Imp                 Summ           0%         N/A       99%         2
 Cigotuvi's Dreadful Rot  Necr/Alch/Air  0%         N/A       99%         2
 Lesser Beckoning         Tloc           0%         N/A       99%         2
 Momentum Strike          Conj/Tloc      0%         3d8       99%         2
 Sublimation of Blood     Necr           0%         N/A       99%         2
 Call Canine Familiar     Summ           0%         N/A       100%        3
 Confusing Touch          Hex            0%         N/A       100%        3
 Fugue of the Fallen      Necr           0%         N/A       100%        3
 Inner Flame              Hex/Fire       0%         N/A       100%        3
 Ozocubu's Armour         Ice            0%         N/A       100%        3
 Passwall                 Erth           0%         N/A       100%        3
 Sigil of Binding         Hex            0%         N/A       100%        3
 Stone Arrow              Conj/Erth      0%         3d7       100%        3
 Summon Ice Beast         Ice/Summ       0%         N/A       100%        3
 Tukima's Dance           Hex            0%         N/A       100%        3
 Vampiric Draining        Necr           0%         2d6       100%        3
 Animate Armour           Summ/Erth      0%         N/A       100%        4
 Brom's Barrelling Bould  Conj/Erth      0%         2d3       100%        4
 Dimensional Bullseye     Hex/Tloc       0%         N/A       100%        4
 Dispel Undead            Necr           0%         3d6       100%        4
 Ignite Poison            Fire/Alch      0%         N/A       100%        4
 Iskenderun's Mystic Bla  Conj/Tloc      0%         2d3       100%        4
 Leda's Liquefaction      Alch/Erth      0%         N/A       100%        4
 Manifold Assault         Tloc           0%         N/A       100%        4
 Martyr's Knell           Necr/Summ      0%         N/A       100%        4
 Olgreb's Toxic Radiance  Alch           0%         N/A       100%        4
 Passage of Golubria      Tloc           0%         N/A       100%        4
 Petrify                  Alch/Erth      0%         N/A       100%        4
 Sticky Flame             Fire/Alch      0%         2d4       100%        4
 Summon Blazeheart Golem  Fire/Summ      0%         N/A       100%        4
 Alistair's Intoxication  Alch           0%         N/A       100%        5
 Borgnjor's Vile Clutch   Necr/Erth      0%         N/A       100%        5
 Irradiate                Conj/Alch      0%         3d11      100%        5
 Lee's Rapid Deconstruct  Erth           0%         3d4*      100%        5
 Summon Forest            Summ/Tloc      0%         N/A       100%        5
 Summon Mana Viper        Hex/Summ       0%         N/A       100%        5
 Yara's Violent Unravell  Hex/Alch       0%         3d3       100%        5
 Bombard                  Conj/Erth      0%         9d1       100%        6
 Conjure Ball Lightning   Conj/Air       0%         3x3d6     100%        6
 Death Channel            Necr           0%         N/A       100%        6
 Dispersal                Tloc           0%         N/A       100%        6
 Eringya's Noxious Bog    Alch           0%         4d6       100%        6
 Summon Cactus Giant      Summ           0%         N/A       100%        6
 Monstrous Menagerie      Summ           0%         N/A       100%        7
 Ozocubu's Refrigeration  Ice            0%         4d7       100%        7
 Discord                  Hex            0%         N/A       100%        8
 Disjunction              Tloc           0%         N/A       100%        8
 Ignition                 Fire           0%         3d3       100%        8
 Lehudib's Crystal Spear  Conj/Erth      0%         10d2      100%        8


Dungeon Overview and Level Annotations

Branches:
Dungeon (15/15)            Temple (0/1) D:4            Lair (5/5) D:11
  Swamp (4/4) Lair:2        Snake (4/4) Lair:3        Slime (0/5) Lair:5
    Orc (2/2) D:12            Elf (0/3) Orc:2        Vaults (2/5) D:14
 Depths (0/4) D:15          Sewer (visited)         Volcano (visited)
  Crypt: Vaults:2-3

Altars:
Cheibriados
Fedhas
Hepliaklqana
Qazlal
Ru
Sif Muna
Trog
Uskayaw
Wu Jian
Yredelemnul
Jiyva

Shops:
D:4 =   D:8 :   D:9 (   D:13 (   D:15 :   Orc:2 [[[*   Snake:1 *   Snake:2 =!
Snake:3 =   Snake:4 =::   Vaults:1 ?

Annotations:
D:9 3 runed translucent doors, occam's ghost, journeyman DEFE
D:13 3 runed translucent doors, Iplucs's ghost, journeyman FeBe
Lair:2 3 runed translucent doors, Cheops's ghost, journeyman FoFi
Swamp:2 2 transporters, Gokhumny's ghost, adept GnFi


Innate Abilities, Weirdness & Mutations

You regain HP and MP as you explore.
You occasionally lose the ability to drink potions when taking damage.
Your health recovers twice as slowly from being drained.


Message History

The bolt of fire hits you. You resist.
* * * LOW HITPOINT WARNING * * *
The bolt of fire hits your butterfly!!
Your butterfly dies!
Your butterfly disappears in a burst of colours!
The bolt of fire hits your butterfly!!!!
Your butterfly dies!
Your butterfly disappears in a burst of colours!
The tengu reaver completely misses your butterfly.
The tengu reaver pecks your butterfly.
Your butterfly dies!
Your butterfly disappears in a burst of colours!
You swap places.
You feel sick.
The tengu reaver hits your butterfly with a +0 great sword!!
Your butterfly dies!
Your butterfly disappears in a burst of colours!
The tengu reaver casts a spell at you. The bolt of acid hits your butterfly!!!
The acid corrodes your butterfly!
Your butterfly dies!
Your butterfly disappears in a burst of colours!
The bolt of acid hits your butterfly!! The acid corrodes your butterfly!
Your butterfly dies!
Your butterfly disappears in a burst of colours!
The bolt of acid hits you!!
* * * LOW HITPOINT WARNING * * *
The bolt of acid hits your butterfly!! The acid corrodes your butterfly!
Your butterfly dies!
Your butterfly disappears in a burst of colours!
The bolt of acid hits your butterfly!!! The acid corrodes your butterfly!
Your butterfly dies!
Your butterfly disappears in a burst of colours!
There is a stone staircase leading up, spattered with blood here.
You feel sick. The tengu reaver casts a spell at you.
The bolt of poison hits your butterfly!!!
Your butterfly dies!
Your butterfly disappears in a burst of colours!
The bolt of poison hits you!
You are lethally poisoned!
You die...

............................
................))...........
#################............
#............ #†.††........
########†[[####'####
#...bQ.#...# .. #b)b...#b..#
.. #bb.@bb#...# #Qbbb)b)b..#
#bbb.bb#)..# #bbb.bb#...#
#bbb.bb#...# #...bb.#...#
#.b....#...# ########p..#
#...#


You could see 2 tengu reavers.

Vanquished Creatures
  Sojobo (Vaults:2)
  Rupert (Lair:4)
  A tentacled monstrosity (Swamp:4)
  2 tengu reavers (Vaults:1)
  A sphinx (Vaults:2)
  Kirke (D:14)
  6 nagarajas
  A frost giant (Vaults:1)
  A vault warden (Vaults:1)
  An orc warlord (Orc:2)
  3 very ugly things
  4 ironbound thunderhulks
  4 ironbound preservers
  2 formless jellyfish (Vaults:1)
  4 eleionomae
  Nessos (D:13)
  7 dire elephants
  A war gargoyle (Vaults:1)
  4 bunyips
  A crystal guardian (Vaults:1)
  Josephine (D:12)
  2 green deaths (Swamp:4)
  2 entropy weavers
  A yaktaur captain (Vaults:1)
  A ghost crab (Swamp:2)
  14 hydras
  2 salamander tyrants (Snake:4)
  A rakshasa (D:14)
  Fannar (Orc:1)
  3 great orbs of eyes
  A peacekeeper (Vaults:1)
  2 two-headed ogres
  9 alligators
  6 ironbound frosthearts (Vaults:1)
  11 anacondas
  A death knight (D:14)
  17 centaur warriors
  A dancing weapon (Volcano)
  A catoblepas (D:14)
  3 boulder beetles
  6 death yaks
  2 occultists (Volcano)
  16 naga warriors
  11 naga sharpshooters
  7 shock serpents
  An orc high priest (Orc:2)
  Nergalle (Lair:1)
  5 skysharks
  3 wretched stars (Abyss:2)
  4 salamander mystics (Snake:4)
  5 deep trolls (Vaults:2)
  A shadow wraith (Abyss:2)
  A death drake (Swamp:3)
  12 mana vipers
  3 goliath frogs
  17 slime creatures
  3 arcanists
  8 bog bodies
  4 spriggan druids
  7 swamp dragons
  2 starcursed masses (Abyss:2)
  5 naga ritualists
  2 deep elf pyromancers
  4 orc knights
  5 ironbound convokers
  4 large abominations
  Pikel (D:5)
  A harpy (Vaults:1)
  13 lindwurms
  20 ugly things
  2 orc sorcerers
  3 manticores
  13 salamanders
  12 cyclopes
  4 will-o-the-wisps
  2 toenail golems (Volcano)
  5 vault sentinels
  7 elephants
  3 kobold blastminers (Orc:2)
  Joseph (D:7)
  9 guardian serpents
  7 cane toads
  A smoke demon (Abyss:2)
  18 naga magi
  26 black mambas
  3 orange demons (Swamp:4)
  A gargoyle (D:10)
  3 water nymphs
  2 unseen horrors (D:13)
  4 rime drakes
  A cane toad (shapeshifter) (D:14)
  14 komodo dragons
  A yaktaur (Vaults:2)
  A tengu conjurer (D:13)
  3 kobold demonologists
  An efreet (D:15)
  9 trolls
  10 hornets
  8 polar bears
  4 tyrant leeches
  11 blink frogs
  Grinder (D:4)
  8 dream sheep
  A jumping spider (Vaults:2)
  5 shadows
  9 wraiths
  17 spriggans
  A ynoxinul (Abyss:2)
  2 water elementals (D:12)
  53 yaks
  3 small abominations (Abyss:2)
  4 wyverns
  2 basilisks
  4 humans (Volcano)
  2 neqoxecs (Abyss:2)
  3 hogs (D:14)
  9 vampire mosquitoes
  8 wargs
  A steam dragon (D:9)
  5 redbacks
  42 nagas
  9 swamp worms
  5 acid dragons
  4 swamp drakes
  16 water moccasins
  39 orc warriors
  4 black bears
  2 sky beasts (D:8)
  3 laughing skulls (D:14)
  3 ogres
  A crocodile (Sewer)
  10 boggarts
  13 centaurs
  44 wolves
  2 lemures (D:5)
  A weeping skull (Abyss:2)
  7 kobold brigands
  14 bullfrogs
  4 gnoll sergeants
  2 scorpions
  12 wights
  20 killer bees
  5 electric eels
  5 howler monkeys
  2 lava snakes (Lair:3)
  5 hounds
  2 jellies
  5 bombardier beetles
  10 orc priests
  A sleepcap (D:5)
  An iron imp (Abyss:2)
  A gnoll bouda (D:10)
  6 iguanas
  22 orc wizards
  26 gnolls
  6 adders
  2 shadow imps
  3 white imps
  3 ufetubi
  A dart slug (D:2)
  A ribbon worm (D:2)
  52 orcs
  6 endoplasms
  4 giant cockroaches
  6 goblins
  5 hobgoblins
  9 jackals
  3 quokkas
  3 ball pythons
  3 bats
  46 kobolds
  3 rats
1132 creatures vanquished.

Vanquished Creatures (collateral kills)
  A hornet (Swamp:4)
  A spriggan (Swamp:4)
  An orc (D:12)
3 creatures vanquished.

Vanquished Creatures (others)
  An alligator (Swamp:2)
  A two-headed ogre (D:12)
  A bog body (Swamp:3)
  2 bloated husks
  A hornet (Swamp:2)
  A spriggan (Swamp:3)
  A swamp worm (Swamp:2)
  A centaur (Orc:2)
  An orc wizard (D:5)
  26 foxfires
36 creatures vanquished.

Grand Total: 1171 creatures vanquished

Notes
Turn   | Place    | Note
-------+----------+-------------------------------------------
     0 | D:1      | juan097 the Human Fighter began the quest for the Orb.
     0 | D:1      | Reached XP level 1. HP: 18/18 MP: 1/1
   237 | D:1      | Found a faded altar of an unknown god.
   252 | D:1      | Prayed at the altar of an unknown god.
   252 | D:1      | Became a worshipper of Uskayaw the Reveller
   252 | D:1      | Reached * piety under Uskayaw
   276 | D:1      | Reached XP level 2. HP: 19/24 MP: 2/2
   713 | D:2      | Reached ** piety under Uskayaw
   714 | D:2      | Reached skill level 1 in Stealth
   988 | D:2      | Reached XP level 3. HP: 22/29 MP: 3/3
  1983 | D:2      | Reached skill level 3 in Maces & Flails
  1983 | D:2      | Reached XP level 4. HP: 35/35 MP: 4/4
  2049 | D:3      | Identified the +0 dagger of Iwkinkai {chaos, rF+ rN+}
  2328 | D:4      | Found a staircase to the Ecumenical Temple.
  2335 | D:4      | Reached *** piety under Uskayaw
  2340 | D:4      | Reached XP level 5. HP: 41/41 MP: 5/5
  2340 | D:4      | Reached **** piety under Uskayaw
  2444 | D:4      | Noticed Grinder
  2461 | D:4      | Paralysed by Grinder for 3 turns
  2474 | D:4      | Paralysed by Grinder for 4 turns
  2502 | D:4      | Killed Grinder
  2503 | D:4      | Reached skill level 4 in Maces & Flails
  2503 | D:4      | Reached XP level 6. HP: 26/47 MP: 1/6
  2852 | D:4      | Found Ihuer's Jewellery Boutique.
  3046 | D:5      | Entered Level 5 of the Dungeon
  3109 | D:5      | Noticed Pikel
  3127 | D:5      | Reached skill level 5 in Shields
  3186 | D:5      | Reached XP level 7. HP: 52/52 MP: 7/7
  3188 | D:5      | Identified the +8 chain mail of the Earth {Str+3 Int+4
                  | Dex-5}
  3228 | D:5      | Reached skill level 5 in Maces & Flails
  3370 | D:5      | Reached skill level 1 in Invocations
  3503 | D:5      | Reached skill level 6 in Maces & Flails
  3668 | D:5      | Found the +18 Lear's hauberk
  3677 | D:5      | Found a glowing drain.
  3682 | Sewer    | Entered a sewer
  3842 | Sewer    | Reached XP level 8. HP: 48/58 MP: 10/10
  4177 | D:5      | Identified the +0 ring mail of the Sun {Will++}
  4241 | D:5      | Killed Pikel
  4242 | D:5      | Reached skill level 7 in Maces & Flails
  4256 | D:5      | Reached skill level 8 in Maces & Flails
  4531 | D:6      | Reached skill level 1 in Dodging
  4624 | D:6      | Reached XP level 9. HP: 63/64 MP: 12/12
  4990 | D:6      | Found a stormy altar of Qazlal.
  5246 | D:7      | Found a snail-covered altar of Cheibriados.
  5359 | D:7      | Reached skill level 5 in Invocations
  5410 | D:7      | Found an ornate altar of the Wu Jian Council.
  5632 | D:7      | Found a sacrificial altar of Ru.
  5704 | D:7      | Noticed Joseph
  5735 | D:7      | Killed Joseph
  5736 | D:7      | Reached XP level 10. HP: 39/73 MP: 9/14
  6261 | D:8      | Reached skill level 9 in Maces & Flails
  6280 | D:8      | Reached skill level 5 in Fighting
  6280 | D:8      | Reached skill level 5 in Armour
  6328 | D:8      | Noticed a +0 hand axe
  6329 | D:8      | Noticed a +0 dagger
  6330 | D:8      | Found a hide-covered altar of Uskayaw.
  6516 | D:8      | Found Puofol's Book Shop.
  6888 | D:9      | Noticed a two-headed ogre
  6900 | D:9      | Killed a two-headed ogre
  7121 | D:9      | Found a runed translucent gate.
  7123 | D:9      | Found a runed translucent gate.
  7124 | D:9      | Found a runed translucent gate.
  7141 | D:9      | Noticed occam's ghost (journeyman DEFE)
  7198 | D:9      | Reached skill level 10 in Maces & Flails
  7417 | D:9      | Noticed a kobold demonologist
  7462 | D:9      | Noticed a sun demon
  7465 | D:9      | Noticed an orange demon
  7469 | D:9      | Killed a kobold demonologist
  7600 | D:9      | Noticed a cyclops
  7618 | D:9      | Killed a cyclops
  7619 | D:9      | Reached skill level 11 in Maces & Flails
  7812 | D:9      | Found a shimmering blue altar of Sif Muna.
  7818 | D:9      | Found a bloodstained altar of Trog.
  7877 | D:9      | You fall into a shaft and drop 3 floors!
  7921 | D:12     | Reached XP level 11. HP: 70/81 MP: 15/15
  8178 | D:12     | Noticed a manticore
  8236 | D:12     | Found a hazy altar of Hepliaklqana.
  8243 | D:12     | Noticed a manticore
  8261 | D:12     | Killed a manticore
  8295 | D:12     | Reached skill level 12 in Maces & Flails
  8302 | D:12     | Reached ***** piety under Uskayaw
  8432 | D:12     | Noticed a two-headed ogre
  8433 | D:12     | Noticed a two-headed ogre
  8468 | D:12     | Killed a two-headed ogre
  8560 | D:12     | Noticed a cyclops
  8577 | D:12     | Killed a cyclops
  8690 | D:12     | Noticed Josephine
  8704 | D:12     | Killed a manticore
  8715 | D:12     | Killed Josephine
  8742 | D:12     | Noticed a cyclops
  8845 | D:12     | Killed a cyclops
  8846 | D:12     | Reached skill level 5 in Dodging
  8875 | D:12     | Found a staircase to the Orcish Mines.
  9090 | D:12     | Noticed a boulder beetle
  9114 | D:12     | Killed a boulder beetle
  9136 | D:12     | Noticed a sun demon
  9241 | D:11     | Found a staircase to the Lair.
  9330 | D:11     | Noticed a cyclops
  9381 | D:11     | Killed a cyclops
  9513 | D:10     | Entered Level 10 of the Dungeon
  9624 | D:10     | Reached XP level 12. HP: 91/91 MP: 17/17
 10632 | D:10     | Reached ****** piety under Uskayaw
 10641 | D:10     | Reached skill level 13 in Maces & Flails
 11232 | D:9      | Found Osunil's Weapon Emporium.
 11382 | D:9      | Bought the +5 morningstar of the Egg {elec, rElec} for 539
                  | gold pieces
 11769 | D:11     | Noticed a boulder beetle
 11795 | D:11     | Killed a boulder beetle
 11937 | D:11     | Found a portal to a secret trove of treasure.
 12132 | D:11     | Found a bloodstained altar of Trog.
 12217 | Lair:1   | Entered Level 1 of the Lair of Beasts
 12235 | D:11     | Reached skill level 14 in Maces & Flails
 12300 | Lair:1   | Found a dark tunnel.
 12309 | Volcano  | Entered a volcano
 12337 | Volcano  | Noticed an occultist
 12342 | Abyss:2  | Cast into level 2 of the Abyss (an occultist)
 12439 | Abyss:2  | Gained mutation: You occasionally lose the ability to drink
                  | potions when taking damage. [a neqoxec]
 12440 | Abyss:2  | Gained mutation: Your health recovers twice as slowly from
                  | being drained. [a neqoxec]
 12494 | Abyss:2  | Noticed a wretched star
 12516 | Abyss:2  | Killed a wretched star
 12549 | Abyss:2  | Noticed a wretched star
 12568 | Abyss:2  | Noticed a green very ugly thing
 12572 | Abyss:2  | Killed a wretched star
 12577 | Abyss:2  | Noticed a starcursed mass
 12591 | Abyss:2  | Killed a green very ugly thing
 12616 | Abyss:2  | Killed a starcursed mass
 12617 | Abyss:2  | Reached XP level 13. HP: 22/99 MP: 19/19
 12770 | Abyss:2  | Noticed a great orb of eyes
 12823 | Abyss:2  | Noticed a tentacled starspawn
 12869 | Volcano  | Escaped the Abyss
 13544 | Lair:1   | Noticed Nergalle
 13558 | Lair:1   | Killed Nergalle
 14507 | Lair:2   | Reached skill level 10 in Invocations
 14724 | Lair:2   | Found a staircase to the Swamp.
 14727 | Lair:2   | Reached skill level 15 in Maces & Flails
 14802 | Lair:2   | Found a runed translucent gate.
 14802 | Lair:2   | Found a runed translucent gate.
 14802 | Lair:2   | Found a runed translucent gate.
 14803 | Lair:2   | Noticed Cheops's ghost (journeyman FoFi)
 14865 | Lair:2   | Reached skill level 10 in Fighting
 14926 | Lair:2   | Reached skill level 10 in Armour
 14941 | Lair:2   | Reached XP level 14. HP: 108/110 MP: 21/21
 15596 | Lair:3   | Identified the +11 spear of Foul Odours {flame, ^Fragile
                  | rC+ rCorr Int+3}
 15703 | Lair:3   | Reached skill level 16 in Maces & Flails
 15710 | Lair:3   | Reached skill level 1 in Evocations
 16815 | Lair:3   | Found a staircase to the Snake Pit.
 17198 | Lair:4   | Identified the +1 robe "Saopp" {Stlth+}
 17242 | Lair:4   | Reached skill level 5 in Evocations
 17361 | Lair:4   | Noticed Rupert
 17372 | Lair:4   | Killed Rupert
 18007 | Lair:5   | Entered Level 5 of the Lair of Beasts
 18075 | Lair:5   | Found a staircase to the Slime Pits.
 18391 | Lair:5   | Reached XP level 15. HP: 120/120 MP: 22/22
 19754 | Orc:1    | Entered Level 1 of the Orcish Mines
 19754 | Orc:1    | Noticed Fannar
 19769 | Orc:1    | Killed Fannar
 20382 | Orc:2    | Entered Level 2 of the Orcish Mines
 20382 | Orc:2    | Found a staircase to the Elven Halls.
 20669 | Orc:2    | Found Xaunaq's Antique Armour Shoppe.
 20669 | Orc:2    | Found Xoxeacw's Antique Armour Boutique.
 20671 | Orc:2    | Found Icruese's Assorted Antiques.
 20673 | Orc:2    | Found Haitiash's Antique Armour Emporium.
 20906 | Orc:2    | Bought a smoky red potion for 27 gold pieces
 20973 | Orc:2    | Noticed an orc warlord
 21013 | Orc:2    | Killed an orc warlord
 21506 | Orc:2    | Bought a pair of embroidered gloves for 240 gold pieces
 21941 | Snake:1  | Entered Level 1 of the Snake Pit
 21941 | Snake:1  | Found Umup Zui's Overcharged Wands.
 23880 | Snake:1  | Reached XP level 16. HP: 118/129 MP: 25/25
 24027 | Snake:1  | Noticed a nagaraja
 24055 | Snake:1  | Killed a nagaraja
 26526 | Snake:2  | Found Somm's Jewellery Boutique.
 26532 | Snake:2  | Found Acis's Distillery.
 26538 | Snake:2  | Bought a potion of lignification for 51 gold pieces
 26538 | Snake:2  | Bought 2 potions of degeneration for 34 gold pieces
 26538 | Snake:2  | Bought a potion of ambrosia for 136 gold pieces
 26538 | Snake:2  | Bought a potion of heal wounds for 85 gold pieces
 27529 | Snake:2  | Found a basalt altar of Yredelemnul.
 27614 | Snake:2  | Bought the amulet of Teas {rElec rPois Regen+} for 626 gold
                  | pieces
 28405 | Snake:3  | Found Ymnuen's Jewellery Shop.
 28507 | Snake:3  | Noticed a nagaraja
 28541 | Snake:3  | Killed a nagaraja
 28989 | Snake:3  | Found a blossoming altar of Fedhas.
 29237 | Swamp:1  | Entered Level 1 of the Swamp
 30030 | Swamp:2  | Found a bloodstained altar of Trog.
 30030 | Swamp:2  | Noticed Gokhumny's ghost (adept GnFi)
 30041 | Swamp:2  | Found a transporter.
 30054 | Swamp:2  | Found a transporter.
 30072 | Swamp:2  | Reached skill level 10 in Shields
 30171 | Swamp:2  | Reached XP level 17. HP: 90/139 MP: 17/26
 30238 | Swamp:2  | You fall into a shaft and drop 1 floor!
 30460 | Swamp:2  | Identified the +4 robe of the Red God {rN+ Will+ Regen+}
 31074 | Swamp:4  | Entered Level 4 of the Swamp
 31748 | Swamp:4  | Reached skill level 10 in Evocations
 31943 | Swamp:3  | Reached skill level 1 in Ranged Weapons
 32129 | Swamp:4  | Noticed a tentacled monstrosity
 32137 | Swamp:4  | Killed a tentacled monstrosity
 32279 | Swamp:4  | Got a decaying rune of Zot
 32659 | Snake:4  | Entered Level 4 of the Snake Pit
 32699 | Snake:4  | Found a sacrificial altar of Ru.
 32771 | Snake:4  | Reached skill level 5 in Ranged Weapons
 33454 | Snake:4  | Reached XP level 18. HP: 143/146 MP: 27/27
 33601 | Snake:4  | Found Fiuzops's Jewellery Emporium.
 33601 | Snake:4  | Found Daos's Book Boutique.
 33602 | Snake:4  | Found Tuifoq's Book Boutique.
 33617 | Snake:4  | Learned a level 2 spell: Blink
 34386 | Snake:4  | Got a serpentine rune of Zot
 34677 | D:11     | You paid a toll of 13 scrolls of teleportation to enter a
                  | treasure trove
 34678 | Trove    | Entered a treasure trove
 34688 | Trove    | Identified the ring "Lebbupp" {Fly rC+ Dex+3 Stlth+}
 34694 | Trove    | Identified the ring "Melaulat" {rF+++ rC+ Int-3 Dex-4 SInv}
 34704 | Trove    | Identified the amulet "Wenoeser" {Acrobat rF++ Will+ Int-3
                  | Dex+3}
 34706 | Trove    | Identified the ring "Tufesm" {Wiz rPois}
 34712 | Trove    | Identified the amulet "Ukekk" {RegenMP rC+}
 34716 | Trove    | Identified the ring of Upheq {MP+9 Dex+4}
 34717 | Trove    | Identified the ring "Weyr" {Fly rPois Stlth+}
 34957 | Orc:2    | Bought a pair of embroidered boots for 255 gold pieces
 35706 | D:13     | Found a runed translucent gate.
 35706 | D:13     | Found a runed translucent gate.
 35707 | D:13     | Found a runed translucent gate.
 35710 | D:13     | Noticed Iplucs's ghost (journeyman FeBe)
 35714 | D:13     | Found a viscous altar of Jiyva.
 35870 | D:13     | Found Essyzoust's Antique Weapon Boutique.
 35982 | D:13     | Noticed Nessos
 35992 | D:13     | Killed Nessos
 36566 | D:14     | Found a gate to the Vaults.
 36926 | D:14     | Noticed Kirke
 36944 | D:14     | Killed Kirke
 37328 | D:15     | Entered Level 15 of the Dungeon
 37445 | D:15     | Found Tuun's Book Shop.
 37747 | D:15     | Found the +9 sword of Zonguldrok {reap}
 37919 | D:15     | Found a staircase to the Depths.
 38003 | Vaults:1 | Entered Level 1 of the Vaults
 38334 | Vaults:1 | Reached skill level 15 in Fighting
 38536 | Vaults:1 | Reached XP level 19. HP: 146/155 MP: 29/29
 38612 | Vaults:1 | Paralysed by a formless jellyfish for 1 turns
 38618 | Vaults:1 | Reached skill level 10 in Dodging
 38966 | Vaults:1 | Found Mudihih's Magic Scroll Shop.
 38972 | Vaults:1 | Bought a scroll of identify for 38 gold pieces
 38973 | Vaults:1 | Identified 2 scrolls of acquirement
 38987 | Vaults:1 | Acquired the ring "Feelemeg" {rN+++ MP-9 Int-4 Dex+6
                  | Stlth+}
 38996 | Vaults:1 | Acquired a manual of Armour
 40205 | Vaults:1 | Reached skill level 15 in Armour
 40744 | Vaults:2 | Noticed Sojobo
 40751 | Vaults:2 | Killed Sojobo
 40759 | Vaults:2 | Killed from afar by a tengu reaver

Illustrated notes

Levels and vault maps discovered:
D:1:      matt_arrival_refuge, layout_rooms,
          ebering_ecumenical_altar_sacrificial, minmay_strange_pillars,
          chequers_serial_rivers_large_a, columned_hall_lemuel,
          amcnicky_mini_pool_small
D:2:      layout_loops_cross, minmay_misc_feat_more_columns, minmay_tripent
D:3:      layout_loops_ring
D:4:      layout_loops_ring, minmay_temple_entry_glass, serial_shops,
          nicolae_shop_hallway_plus, minmay_misc_feat_enclosed, uniq_grinder
D:5:      kennysheep_kobold_camp, layout_loops_ring, portal_sewer_entry_e,
          nicolae_fountain_basement, uniq_pikel
D:6:      layout_rooms, lemuel_round_altar
D:7:      layout_cave_pods, kennysheep_little_box, lemuel_tele_altar,
          marbit_many_paths, hangedman_abyss_or_decor_jellyfish_corner,
          uniq_joseph
D:8:      layout_basic, dancing_weapons_uskayaw, serial_shops, kennysheep_mini
D:9:      layout_roguey, hellmonk_overflow_destroyed_library,
          gammafunk_ghost_spectres, serial_shops, nicolae_inconvenience_store,
          serial_curves, eino_curves_02, eino_curves_01,
          lightli_fourway_metalbox
D:10:     layout_basic, kennysheep_kite_vault
D:11:     nicolae_cairo_tiling_very_big, layout_irregular_city, enter_trove_1,
          trog_hazing_becter
D:12:     layout_basic, erik_orc_2, nicolae_hepliaklqana_hazy_memory,
          uniq_josephine
D:13:     layout_grid_maze, serial_shops, shop, gammafunk_ghost_ooze,
          uniq_nessos
D:14:     layout_basic, skrybe_vaults_entry_preservation, nicolae_water_bricks,
          uniq_kirke
D:15:     hangedman_depths_entry_try_elsewhere_first, layout_long_grid,
          hangedman_abyss_or_decor_clamps, serial_shops, shop
Lair:1:   layout_hall_layers, nicolae_volcano_entry_two_sided, uniq_nergalle
Lair:2:   nzn_winding_woodlands_three_and_one [nzn_winding_woodlands_5x15_pool,
          nzn_winding_woodlands_5x15_eye, nzn_winding_woodlands_5x15_pockets,
          nzn_winding_woodlands_center_garden], layout_long_grid,
          minmay_swamp_entry_eels, ebering_ghost_rock_garden,
          infiniplex_staircase_pool, lemuel_fruit_fields
Lair:3:   layout_layer_cave, nicolae_snake_entry_warm_welcome
Lair:4:   layout_regular_city, uniq_rupert
Lair:5:   minmay_lair_end_enchanted_forest, layout_cellular_growth,
          minmay_slime_entry_pillars
Swamp:1:  layout_falls_marsh, nicolae_swamp_decorative_isthmus, swamp_pool_5,
          nicolae_swamp_nymph_family_reunion
Swamp:2:  layout_basic_swamp, gammafunk_ghost_wrathful_warriors,
          evilmike_swamp_ruin_house_6
Swamp:3:  layout_falls_marsh, evilmike_swamp_ruin_house_3, swamp_pool_1_2
Swamp:4:  swamp_vile, layout_basic_swamp
Snake:1:  layout_onion, nicolae_shop_overcharged_wands
Snake:2:  cheibrodos_snake_ritualist_ritual, layout_layer_cave, basic_altar,
          minmay_shoptagon
Snake:3:  layout_cave_pods, serial_shops, shop, basic_altar
Snake:4:  snake_pit_salamanders_mu, layout_cave_town, basic_altar,
          lemuel_fruit_tree, minmay_shop_grove
Orc:1:    layout_caves, regret_index_minedec_shroomtown_chain, nooodl_orcs_dogs,
          uniq_fannar
Orc:2:    st_orc_rangers, layout_caves, basic_altar
Vaults:1: dpeg_vaults_monster_box, grunt_vaults_funnel,
          nicolae_vaults_tetromino_Z_1, nicolae_vaults_halls_meeting,
          nicolae_vaults_steering_wheel, nicolae_vaults_octothorpe, v_pattern_3,
          ontoclasm_vaults_decontamination, nicolae_vaults_closet_pinwheel_2,
          nicolae_vaults_little_squares_3, layout_vaults_big_room, serial_shops,
          shop
Vaults:2: nicolae_vaults_turnstiles, nicolae_vaults_tetromino_L_1,
          nicolae_vaults_ring_of_whatevers, nicolae_vaults_trapezoid_2,
          nicolae_vaults_asterisk, hangedman_vaults_stretched_pinwheel,
          nicolae_vaults_trapezoid_1, layout_vaults_omnigrid, uniq_sojobo

Skill      XL: |  1  2  3  4  5  6  7  8  9 10 11 12 13 14 15 16 17 18 19 |
---------------+----------------------------------------------------------+-----
Stealth        | 1 2 3 4 |  4.0
Maces & Flails | 3 4 6 8 11 12 14 15 16 | 16.0
Shields        | 4 5 6 10 12 13 14 | 14.0
Invocations    | 3 4 5 6 7 8 10 12 13 14 | 14.0
Dodging        | 1 3 4 5 6 7 8 9 10 | 10.0
Fighting       | 4 6 7 8 10 12 14 15 | 15.0
Armour         | 4 6 7 8 10 12 13 15 | 15.9
Evocations     | 6 8 10 12 | 12.0
Ranged Weapons | 6 |  6.0

Action                     |  1- 3 |  4- 6 |  7- 9 | 10-12 | 13-15 | 16-18 | 19-21 || total
---------------------------+-------+-------+-------+-------+-------+-------+-------++-------
  Melee: Flail             |   116 |    35 |    20 |    15 |       |       |       ||   186
         Whip              |       |    95 |   470 |   583 |   268 |       |       ||  1416
         Morningstar       |       |       |       |   398 |  1178 |  1434 |   314 ||  3324
   Fire: Sling             |       |       |       |       |       |    55 |     3 ||    58
  Throw: Stone             |     3 |     8 |     8 |       |       |       |       ||    19
         Boomerang         |       |       |    13 |    76 |    25 |    49 |    10 ||   173
         Dart              |       |       |       |     3 |    30 |     3 |       ||    36
         Throwing net      |       |       |       |     1 |       |       |       ||     1
 Invoke: Line Pass         |       |     1 |     9 |     5 |     5 |    16 |     2 ||    38
         Grand Finale      |       |       |       |     1 |     5 |    10 |     5 ||    21
  Evoke: Wand              |       |     1 |       |     4 |    10 |     7 |       ||    22
         Lightning rod     |       |       |       |       |       |     4 |     4 ||     8
         Sack of spiders   |       |       |       |       |       |     1 |       ||     1
    Use: Scroll            |       |     1 |       |    10 |     8 |    12 |     5 ||    36
         Potion            |       |       |       |     1 |     1 |    15 |       ||    17
   Stab: Paralysed         |       |     1 |    10 |    42 |   114 |   130 |    32 ||   329
         Confused          |       |       |     3 |       |     3 |    10 |     1 ||    17
         Held in net/web   |       |       |       |     2 |       |       |       ||     2
 Armour: Scale mail        |   107 |    66 |       |       |       |       |       ||   173
         Chain mail        |       |       |   344 |   420 |   704 |   996 |   251 ||  2715
         Skin              |       |       |       |       |     2 |       |       ||     2
  Dodge: Dodged            |    55 |    45 |   160 |   498 |   896 |   750 |    81 ||  2485
  Block: Buckler           |    35 |    24 |   101 |   197 |   287 |       |       ||   644
         Kite shield       |       |       |       |       |    80 |   986 |   201 ||  1267
